 Dungeon Crawl Stone Soup version 0.31-a0-654-gbe3e110b4e (webtiles) character file.

Game seed: 11733086385637457707

11398 kae the Arsonist (level 11, -10/72 HPs)
             Began as a Tengu Fire Elementalist on Aug 29, 2023.
             Was a Believer of Vehumet.
             Mangled by an orange demon (13 damage)
             ... led by Amaemon
             ... on level 11 of the Dungeon.
             The game lasted 00:17:02 (13913 turns).

kae the Arsonist (Tengu Fire Elementalist)         Turns: 13913, Time: 00:17:02

Health: -10/72     AC:  3    Str:  8    XL:     11   Next: 77%
Magic:  5/20       EV: 17    Int: 35    God:    Vehumet [**....]
Gold:   550        SH:  0    Dex: 15    Spells: 3/21 levels left

rFire   + . .        w - staff of fire {!a}
rCold   . . .        (no shield)
rNeg    . . .        a - +1 robe
rPois   .            (helmet restricted)
rElec   .            (no cloak)
rCorr   .            (no gloves)
SInv    +            (boots unavailable)
Will    .....        y - amulet of Beauty {Regen+ Int+3 Slay+3 SInv}
Stlth   ++           I - +6 ring of intelligence
HPRegen 1.12/turn    i - +6 ring of intelligence
MPRegen 0.17/turn

%: no passive effects
@: lethally poisoned (-10 -> -22), weakened, flying quickly and evasively,
slowed, very slow
A: beak, talons 3, nimble flight
a: Renounce Religion


You were on level 11 of the Dungeon.
You worshipped Vehumet.
Vehumet was pleased with you.
You visited 2 branches of the dungeon, and saw 12 of its levels.
You also visited: Bailey.

You collected 676 gold pieces.
You spent 126 gold pieces at shops.


Innate Abilities, Weirdness & Mutations

You have a beak for a mouth.
You have claws for feet.
Your magical nature lets you fly swiftly and evasively.


   Skills:
 - Level 10.0 Fighting
 - Level 5.0 Staves
 - Level 5.0 Dodging
 - Level 2.0 Stealth
 + Level 5.9 Spellcasting
 * Level 8.5 Conjurations
 + Level 12.5 Fire Magic


You had 3 spell levels left.
You knew the following spells:

 Your Spells              Type           Power      Damage    Failure   Level
a - Foxfire               Conj/Fire      100%       2x1d9     1%          1
b - Scorch                Fire           100%       2d9       1%          2
c - Inner Flame           Hex/Fire       69%        N/A       1%          3
d - Volatile Blastmotes   Fire/Tloc      100%       2d18      1%          3
e - Flame Wave            Conj/Fire      90%        2d19      1%          4
f - Fireball              Conj/Fire      45%        3d18      1%          5

Your spell library contained the following spells:

 Spells                   Type           Power      Damage    Failure   Level
 Static Discharge         Conj/Air       80%        2-6/arc   1%          2
 Kiss of Death            Conj/Necr      100%       2d13      1%          1
 Ignite Poison            Fire/Tmut/Pois 56%        N/A       1%          3
 Cigotuvi's Dreadful Rot  Necr/Pois/Air  20%        N/A       6%          2
 Wereblood                Tmut           10%        N/A       6%          2
 Confusing Touch          Hex            10%        N/A       12%         3
 Sticky Flame             Conj/Fire      90%        2d10      1%          4
 Starburst                Conj/Fire      45%        6d13      8%          6
 Irradiate                Conj/Tmut      20%        3d18      19%         5
 Dispel Undead            Necr           10%        3d9       36%         4
 Manifold Assault         Tloc           10%        N/A       36%         4
 Alistair's Intoxication  Tmut/Pois      6%         N/A       71%         5
 Ignition                 Fire           49%        3d14      82%         8
 Dispersal                Tloc           5%         N/A       99%         6
 Haunt                    Necr/Summ      5%         N/A       100%        7
 Borgnjor's Revivificati  Necr           5%         N/A       100%        8
 Disjunction              Tloc           5%         N/A       100%        8
 Death's Door             Necr           5%         N/A       100%        9

Inventory:

Hand Weapons
 h - a +4 whip
   (You took it off a gnoll on level 1 of the Dungeon)
Missiles
 d - 83 stones
 e - 2 javelins
 o - 48 poisoned darts
 t - 2 curare-tipped darts {=f}
 B - a boomerang
 Q - a throwing net {=f!f}
Armour
 a - a +1 robe (worn)
Magical Staves
 f - a staff of poison {!a}
   (You found it on level 8 of the Dungeon)
 w - a staff of fire (weapon) {!a}
   (You found it on level 4 of the Dungeon)
Jewellery
 i - a +6 ring of intelligence (right hand)
   (You found it on level 9 of the Dungeon)
 j - the ring "Nubedghi" {Str+6 Int-4 Dex+6}
   (You found it on level 3 of the Dungeon)

   [ring of dexterity]

   Str+6:     It affects your strength (+6).
   Int-4:     It affects your intelligence (-4).
   Dex+6:     It affects your dexterity (+6).
 l - an amulet of reflection
   (You found it on level 2 of the Dungeon)
 v - an amulet of magic regeneration
   (You found it on level 5 of the Dungeon)
 y - the amulet of Beauty (around neck) {Regen+ Int+3 Slay+3 SInv}
   (You found it on level 5 of the Dungeon)

   [amulet of regeneration]

   Int+3:     It affects your intelligence (+3).
   Slay+3:    It affects your accuracy & damage with ranged weapons and melee
   (+3).
   SInv:      It lets you see invisible.
   Regen+:    It increases your rate of health regeneration.
 C - a ring of ice
   (You found it on level 2 of the Dungeon)
 H - the ring "Feca" {rPois rF+ Int-2 SInv}
   (You found it on level 7 of the Dungeon)

   [ring of see invisible]

   Int-2:     It affects your intelligence (-2).
   rF+:       It protects you from fire.
   rPois:     It protects you from poison SInv: It lets you see invisible.
 I - a +6 ring of intelligence (left hand)
   (You found it on level 6 of the Dungeon)
 P - a ring of poison resistance
   (You found it on level 5 of the Dungeon)
 S - a +6 ring of strength
   (You found it on level 2 of the Dungeon)
 T - an amulet of faith {!P}
   (You found it on level 4 of the Dungeon)
Wands
 z - a wand of quicksilver (2)
   (You found it on level 6 of the Dungeon)
 A - a wand of paralysis (1)
   (You found it on level 6 of the Dungeon)
 M - a wand of iceblast (2)
   (You found it on level 10 of the Dungeon)
 O - a wand of flame (11)
   (You found it on level 11 of the Dungeon)
Scrolls
 c - 5 scrolls of teleportation {@r4}
 p - a scroll of vulnerability {!r!r}
 q - a scroll of blinking {!r}
 D - a scroll of amnesia
 E - a scroll of enchant weapon
 K - a scroll of identify {@r1}
 L - a scroll of enchant armour
Potions
 b - 2 potions of magic
 g - 4 potions of resistance
 k - 3 potions of lignification {!q}
 m - 4 potions of degeneration {!q}
 n - 2 potions of enlightenment
 r - 5 potions of curing {@q1}
 s - 3 potions of brilliance
 u - 5 potions of attraction {!q}
 x - 3 potions of heal wounds {@q2}
 F - 3 potions of might
 G - 2 potions of haste {@q3}
 J - 3 potions of cancellation
 N - 2 potions of invisibility

Dungeon Overview and Level Annotations

Branches:
Dungeon (11/15) Zot: 26855  Temple (1/1) D:7 Zot: 5971    Lair (0/5) D:10
    Orc (0/2) D:10         Bailey (visited)

Altars:
Ashenzari
Cheibriados
Dithmenos
Elyvilon
Fedhas
Gozag
Hepliaklqana
Kikubaaqudgha
Makhleb
Nemelex Xobeh
Okawaru
Qazlal
Ru
Sif Muna
Trog
Uskayaw
Vehumet
Wu Jian
Xom
Yredelemnul
Zin
The Shining One

Shops:
D:5 ?   D:9 *(?[

Annotations:
D:5 exclusions: 2 doors and water moccasin, Dowan, Duvessa

#.....# #.....# #.....#
#.....# #.....#
#####.....###
........###.#
........'...#
........#..@#
........#...4......
........############
#........................
#........................
#........................
#..........).............
#..........).............
#........................


You could see an orange demon (curare, combustible).


Message History

You feel a surge of power!
You conjure some foxfire! 😎 MP[-1]
You lost 1 mp, and now have 14/20 mp.
O - a wand of flame (11) 😎 MP[+4]
You regained 4 mp, and now have 18/20 mp.
There is an open door here.
There is an open door here.
As you open the door, it creaks loudly!
Amaemon and an orange demon come into view.
Amaemon is wielding a +0 demon whip of venom and carrying a wand of paralysis.
Amaemon shouts!
The orange demon screeches!
You hear a howl!
The orange demon moves out of view. 😎 MP[+2]
Your mp is fully restored (20).
Casting: Foxfire (safe; 1% risk of failure)
Confirm with . or Enter, or press ? or * to list all spells.
You feel a surge of power!
Flames lash Amaemon.
Amaemon's fire resistance burns away.
Amaemon closely misses you. Amaemon claws you!
Amaemon tail-slaps you but does no damage.
Amaemon sings, "Eyes close, heart stop, nighty-night for you..."
Amaemon casts a spell at something. 😕 HP[-6] MP[-2]
You take 6 damage, and now have 66/72 hp.
You lost 2 mp, and now have 18/20 mp.
Casting: Scorch (safe; 1% risk of failure)
Confirm with . or Enter, or press ? or * to list all spells.
Casting: Flame Wave (mildly dangerous; 1% risk of failure)
Press: ? - help, Dir - look around, f - activate You feel a surge of power!
A wave of flame ripples out!
The flame wave engulfs Amaemon!!
Amaemon is burned terribly! (Press . to intensify the flame waves.) Amaemon barely misses you. x2; Amaemon closely misses you. 😕 HP[+1] MP[-4]
You lost 4 mp, and now have 14/20 mp.
A wave of flame ripples out!
The flame wave engulfs Amaemon!
Amaemon is burned terribly!
Amaemon hits you with a +0 demon whip of venom!
You are poisoned.
Amaemon barely misses you.
Amaemon tail-slaps you. 😮 HP[-19] MP[-1]
You take 19 damage, and now have 48/72 hp.
MASSIVE DAMAGE!! (PAUSE)
You lost 1 mp, and now have 13/20 mp.
A wave of flame ripples out!
The flame wave engulfs Amaemon.
Amaemon is burned terribly!
You finish channelling waves of flame.
You feel very sick.
Amaemon gestures wildly while chanting. 😮 HP[-3] MP[-1]
You take 3 damage, and now have 45/72 hp.
You lost 1 mp, and now have 12/20 mp.
Unknown command.
Casting: Flame Wave (mildly dangerous; 1% risk of failure)
Confirm with . or Enter, or press ? or * to list all spells.
Casting: Flame Wave (mildly dangerous; 1% risk of failure)
Press: ? - help, Dir - look around, f - activate You feel a surge of power!
A wave of flame ripples out!
The flame wave engulfs the scorpion!
The flame wave engulfs Amaemon!!!
Amaemon is burned terribly!
You kill Amaemon!
Vehumet accepts your kill.
The scorpion disappears in a puff of smoke! (Press . to intensify the flame waves.)
You feel very sick. 😮 HP[-3] MP[-3]
You take 3 damage, and now have 42/72 hp.
You lost 3 mp, and now have 9/20 mp.
A wave of flame ripples out!
You feel very sick. 😮 HP[-3] MP[-1]
You take 3 damage, and now have 39/72 hp.
You lost 1 mp, and now have 8/20 mp.
A wave of flame ripples out!
The flame wave engulfs the orange demon!
Vehumet accepts your kill.
You feel a bit more experienced.
You finish channelling waves of flame.
You feel sick. The orange demon stings you.
* * * LOW HITPOINT WARNING * * *
You are more poisoned.
You have difficulty breathing.
* * * LOW HITPOINT WARNING * * *
You feel yourself slow down. The orange demon hits you.
* * * LOW HITPOINT WARNING * * *
You feel your attacks grow feeble. 😨 HP[-15] MP[-1]
You take 15 damage, and now have 24/72 hp.
MASSIVE DAMAGE!! (PAUSE)
You lost 1 mp, and now have 7/20 mp.
Casting: Flame Wave (mildly dangerous; 1% risk of failure)
Confirm with . or Enter, or press ? or * to list all spells.
You feel a surge of power!
Flames lash the orange demon.
The orange demon's fire resistance burns away.
* * * LOW HITPOINT WARNING * * *
You feel extremely sick. The orange demon stings you!
* * * LOW HITPOINT WARNING * * *
The orange demon barely misses you. The orange demon stings you!
You die...

Skill      XL: |  1  2  3  4  5  6  7  8  9 10 11 |
---------------+----------------------------------+-----
Conjurations   | 2 3 5 6 8 |  8.5
Spellcasting   | 3 4 5 |  5.9
Fire Magic     | 4 6 7 9 12 | 12.5
Fighting       | 3 8 10 | 10.0
Staves         | 3 5 |  5.0
Dodging        | 4 5 |  5.0
Stealth        | |  2.0

Action                     |  1- 3 |  4- 6 |  7- 9 | 10-12 || total
---------------------------+-------+-------+-------+-------++-------
  Melee: Unarmed           |     4 |       |       |       ||     4
         Peck              |     2 |       |     1 |     2 ||     5
         Whip              |       |     9 |     5 |       ||    14
         Kick              |       |     3 |       |     3 ||     6
         Staff             |       |       |       |    11 ||    11
   Cast: Foxfire           |    56 |    84 |   164 |    98 ||   402
         Scorch            |     8 |    25 |    73 |    79 ||   185
         Flame Wave        |       |       |     1 |    12 ||    13
         Inner Flame       |       |       |       |     8 ||     8
         Volatile Blastmot |       |       |       |     2 ||     2
         Fireball          |       |       |       |    14 ||    14
  Evoke: Wand              |       |       |       |    12 ||    12
    Use: Scroll            |     4 |     5 |     7 |     6 ||    22
         Potion            |       |       |     1 |     4 ||     5
 Armour: Robe              |     8 |     5 |    11 |    14 ||    38
         Skin              |       |       |    51 |       ||    51
  Dodge: Dodged            |    18 |    35 |   139 |   132 ||   324
  Block: Other             |       |    15 |    29 |       ||    44

Levels and vault maps discovered:
D:1:      grunt_arrival_lava_bath, layout_basic,
          chequers_ecumenical_altar_grove, minmay_quantized
D:2:      minmay_door_path, layout_basic, uniq_robin
D:3:      layout_loops_ring, nrook_loot_triangle, minmay_misc_feat_pillars
D:4:      layout_loops_ring, lemuel_zombie_altar_yredelemnul,
          mainiacjoe_overflow_catwalk_spiral, uniq_edmund
D:5:      cheibrodos_fertilizer, layout_gridville, elyvilon_altar_4,
          serial_shops, shop, dilly_guarded_unrand_throatcut, uniq_duvessa
D:6:      layout_cave_pods, mainiacjoe_overflow_surrounded_room, uniq_sigmund,
          uniq_pikel
D:7:      layout_rooms, minmay_temple_entry_statues_fountains,
          nicolae_benzene_ring
D:8:      layout_gridville, grunt_qazlal_clouds
D:9:      layout_loops_ring, nicolae_ru_path_of_blood, enter_bailey_3,
          serial_shops, nicolae_square_shop, shop,
          nicolae_shop_advertising_works [nicolae_subvault_shop_adworks], shop
D:10:     nicolae_cairo_tiling_large, layout_basic, lair_entry_dummy,
          orc_0_dummy
D:11:     layout_gridville, gammafunk_ghost_split, uniq_amaemon
Temple:   hellmonk_temple_divided_pantheon

Notes
Turn   | Place    | Note
-------+----------+-------------------------------------------
     0 | D:1      | kae the Tengu Fire Elementalist began the quest for the
                  | Orb.
     0 | D:1      | Reached XP level 1. HP: 10/10 MP: 4/4
     0 | D:1      | magus.rc [v1.11.3]
   170 | D:1      | Reached skill level 2 in Conjurations
   170 | D:1      | Reached XP level 2. HP: 13/15 MP: 3/6
   554 | D:1      | Reached XP level 3. HP: 19/19 MP: 4/7
   557 | D:1      | Learned a level 2 spell: Scorch
   702 | D:1      | HP: 2/19 [gnoll/+3 whip (10)]
   704 | D:1      | Reached skill level 3 in Conjurations
   926 | D:1      | Found a faded altar of an unknown god.
  1393 | D:2      | Reached skill level 3 in Spellcasting
  1582 | D:2      | Reached XP level 4. HP: 21/24 MP: 2/9
  1663 | D:2      | You add the spells Haunt, Borgnjor's Revivification and
                  | Death's Door to your library.
  1726 | D:2      | Reached skill level 4 in Fire Magic
  2139 | D:2      | Noticed Robin
  2224 | D:2      | Killed Robin
  2395 | D:3      | Identified the ring "Nubedghi" {Str+6 Int-4 Dex+6}
  2514 | D:3      | Gained mutation: Your magical nature lets you fly swiftly
                  | and evasively. [Tengu growth]
  2514 | D:3      | Reached XP level 5. HP: 28/28 MP: 6/10
  2657 | D:3      | Reached skill level 5 in Fire Magic
  3740 | D:4      | You pick up a book of the Warp and begin reading...
  3740 | D:4      | You add the spells Manifold Assault, Dispersal and
                  | Disjunction to your library.
  3761 | D:4      | Identified the +3 leather armour "Ziqopt" {*Corrode *Slow
                  | rN++ Str+8}
  3891 | D:4      | Noticed a phantom
  3935 | D:4      | Killed a phantom
  3936 | D:4      | Reached skill level 6 in Fire Magic
  3936 | D:4      | Reached XP level 6. HP: 23/32 MP: 1/11
  4160 | D:4      | Found a basalt altar of Yredelemnul.
  4273 | D:4      | Reached skill level 7 in Fire Magic
  4415 | D:4      | Found a snail-covered altar of Cheibriados.
  4433 | D:4      | Reached XP level 7. HP: 34/36 MP: 4/12
  4554 | D:4      | Found an iron altar of Okawaru.
  4555 | D:4      | Noticed Edmund
  4586 | D:4      | HP: 9/36 [Edmund/+2 flail of protection (12)]
  4589 | D:4      | Killed Edmund
  4590 | D:4      | Reached skill level 8 in Fire Magic
  4857 | D:5      | Entered Level 5 of the Dungeon
  4875 | D:5      | Found a white marble altar of Elyvilon.
  5139 | D:5      | Reached skill level 9 in Fire Magic
  5187 | D:5      | Found Xeqi's Magic Scroll Shoppe.
  5432 | D:4      | Reached XP level 8. HP: 36/41 MP: 8/13
  5512 | D:4      | HP: 8/41 [gnoll bouda/+0 whip (8)]
  5514 | D:4      | Reached skill level 10 in Fire Magic
  5694 | D:5      | Bought a scroll of identify for 22 gold pieces
  5694 | D:5      | Bought a scroll of identify for 22 gold pieces
  5696 | D:5      | Bought a scroll of blinking for 82 gold pieces
  5757 | D:5      | Noticed Duvessa
  5757 | D:5      | Noticed Dowan
  6091 | D:5      | Found the +7 Throatcutter {drain, coup de grace}
  6287 | D:5      | Reached skill level 11 in Fire Magic
  6413 | D:5      | Identified the amulet of Beauty {Regen+ Int+3 Slay+3 SInv}
  6456 | D:5      | Noticed a slime creature
  6688 | D:5      | Noticed a slime creature
  6765 | D:6      | Noticed Sigmund
  6819 | D:6      | Noticed Pikel
  6963 | D:6      | Reached skill level 12 in Fire Magic
  6963 | D:6      | Reached XP level 9. HP: 45/45 MP: 7/14
  6969 | D:5      | Learned a level 3 spell: Inner Flame
  6973 | D:5      | Learned a level 3 spell: Volatile Blastmotes
  6978 | D:5      | Learned a level 4 spell: Flame Wave
  7112 | D:6      | HP: 11/45 [gnoll/+0 spear[a gnoll sergeant] (7)]
  7315 | D:6      | Reached skill level 1 in Fighting
  7315 | D:6      | Reached skill level 1 in Staves
  7452 | D:6      | Killed Sigmund
  7453 | D:6      | Reached skill level 3 in Dodging
  7545 | D:6      | Reached skill level 4 in Conjurations
  7550 | D:6      | Reached skill level 2 in Staves
  7603 | D:6      | Found a glowing golden altar of the Shining One.
  7714 | D:6      | Reached skill level 2 in Fighting
  7888 | D:6      | HP: 12/49 [Pikel/+1 whip of freezing (2)]
  7894 | D:5      | Killed Pikel
  7895 | D:5      | Reached skill level 3 in Fighting
  7895 | D:5      | Reached skill level 3 in Staves
  7895 | D:5      | Reached skill level 4 in Dodging
  7895 | D:5      | Reached skill level 4 in Spellcasting
  7895 | D:5      | Reached skill level 5 in Conjurations
  8525 | D:7      | Reached XP level 10. HP: 56/56 MP: 12/17
  8616 | D:7      | Reached skill level 4 in Staves
  8727 | D:7      | Found a staircase to the Ecumenical Temple.
  8825 | D:7      | Reached skill level 6 in Conjurations
  8828 | D:7      | HP: 10/56 [cloud of flame (6)]
  9094 | D:7      | Reached skill level 5 in Dodging
  9197 | D:7      | Identified the ring "Feca" {rPois rF+ Int-2 SInv}
  9382 | Temple   | Found a transporter.
  9382 | Temple   | Found a transporter.
  9382 | Temple   | Found a transporter.
  9382 | Temple   | Found a transporter.
  9382 | Temple   | Entered the Ecumenical Temple
  9398 | Temple   | Became a worshipper of Vehumet
  9435 | D:8      | Reached skill level 4 in Fighting
  9438 | D:8      | Reached skill level 5 in Spellcasting
  9446 | D:8      | Reached skill level 5 in Staves
  9570 | D:8      | Reached skill level 5 in Fighting
  9817 | D:8      | Noticed a two-headed ogre
  9824 | D:8      | Killed a two-headed ogre
  9825 | D:8      | Reached skill level 6 in Fighting
  9875 | D:8      | Reached skill level 7 in Fighting
  9936 | D:8      | Found a stormy altar of Qazlal.
 10305 | D:8      | You pick up a book of Changes and begin reading...
 10305 | D:8      | You add the spells Wereblood and Irradiate to your library.
 10523 | D:9      | Found a sacrificial altar of Ru.
 10566 | D:9      | Found a flagged portal.
 10582 | D:9      | You pick up a book of Touch and begin reading...
 10582 | D:9      | You add the spells Kiss of Death, Confusing Touch and
                  | Dispel Undead to your library.
 10591 | Bailey   | Entered a bailey
 10625 | Bailey   | Reached * piety under Vehumet
 10625 | Bailey   | Offered knowledge of Sandblast by Vehumet.
 10915 | Bailey   | Noticed an orc knight
 11253 | Bailey   | HP: 15/61 [orc knight/+0 halberd (9)]
 11254 | Bailey   | Killed an orc knight
 11255 | Bailey   | Reached skill level 8 in Fighting
 11255 | Bailey   | Reached XP level 11. HP: 17/69 MP: 12/19
 11656 | D:9      | Acquired the Grimoire of Combustive Putridity
 11657 | D:9      | You add the spells Cigotuvi's Dreadful Rot, Ignite Poison,
                  | Sticky Flame, Fireball, Alistair's Intoxication, Starburst
                  | and Ignition to your library.
 11664 | D:9      | Learned a level 5 spell: Fireball
 11692 | D:9      | Noticed a boulder beetle
 11795 | D:9      | Killed a boulder beetle
 11796 | D:9      | Reached skill level 9 in Fighting
 11948 | D:9      | Found Bimuj's Antique Armour Emporium.
 11954 | D:9      | Found Solaece's Magic Scroll Boutique.
 12029 | D:9      | Reached ** piety under Vehumet
 12029 | D:9      | Offered knowledge of Magic Dart by Vehumet.
 12229 | D:9      | Found Ophozaet's Assorted Antiques.
 12250 | D:9      | Found Montoq's Antique Weapon Shoppe.
 12688 | D:10     | Entered Level 10 of the Dungeon
 12718 | D:10     | Reached skill level 10 in Fighting
 12750 | D:10     | Noticed a deep elf pyromancer
 12820 | D:10     | Killed a deep elf pyromancer
 13041 | D:10     | Found a staircase to the Lair.
 13230 | D:10     | Reached skill level 7 in Conjurations
 13333 | D:10     | Found a staircase to the Orcish Mines.
 13785 | D:11     | Noticed a two-headed ogre
 13790 | D:11     | Noticed a cyclops
 13795 | D:11     | Noticed a wolf spider
 13795 | D:11     | Killed a two-headed ogre
 13796 | D:11     | Reached skill level 8 in Conjurations
 13800 | D:11     | Offered knowledge of Static Discharge by Vehumet.
 13904 | D:11     | Noticed Amaemon
 13910 | D:11     | Killed Amaemon
 13913 | D:11     | HP: 17/72 [poisoned by orange demon (concentrated venom)]
 13913 | D:11     | HP: 3/72 [orange demon[Amaemon] (14)]
 13913 | D:11     | Mangled by an orange demon

Vanquished Creatures
  2 two-headed ogres
  A boulder beetle (D:9)
  Amaemon (D:11)
  Pikel (D:5)
  A deep elf pyromancer (D:10)
  An orc knight (Bailey)
  A komodo dragon (D:10)
  A kobold demonologist (D:10)
  A hornet (D:10)
  A troll (D:9)
  Sigmund (D:6)
  2 wyverns
  2 vampires
  7 yaks
  A steam dragon (D:9)
  4 vampire mosquitoes (D:10)
  Edmund (D:4)
  3 acid dragons
  4 water moccasins
  An orc warrior (D:7)
  An ice beast (D:8)
  2 ogres (D:5)
  A centaur (D:7)
  2 phantoms
  2 lemures (D:5)
  5 kobold brigands
  4 bullfrogs
  A gnoll sergeant (D:6)
  2 scorpions
  13 wights
  4 killer bees (D:9)
  5 howler monkeys
  4 hounds
  A gnoll bouda (D:4)
  An orc priest (D:3)
  8 jellies
  7 iguanas
  8 orc wizards
  2 hound zombies (D:4)
  Robin (D:2)
  25 gnolls
  8 adders
  A white imp (D:7)
  An ufetubus (D:6)
  A worm (D:5)
  3 dart slugs (D:1)
  31 orcs
  11 bats
  6 endoplasms
  3 giant cockroaches
  17 goblins
  13 hobgoblins
  3 jackals
  23 kobolds
  4 quokkas
  10 ball pythons
  7 frilled lizards
  3 rats
281 creatures vanquished.

Vanquished Creatures (others)
  684 foxfires
684 creatures vanquished.

Grand Total: 965 creatures vanquished

Table legend:
 A = Non-vault XP
 B = Vault XP
 C = Vault XP percentage of total XP
 D = Non-vault monster count
 E = Vault monster count
 F = Vault count percentage of total count
                 A         B        C        D         E       F
            +---------+---------+-------+---------+---------+-------
      Total |   13118 |    3165 |  19.4 |     207 |      72 |  25.8
            +---------+---------+-------+---------+---------+-------
        D:1 |      45 |      10 |  18.2 |      16 |       6 |  27.3
        D:2 |      55 |      45 |  45.0 |      20 |      17 |  45.9
        D:3 |      96 |       0 |   0.0 |      18 |       0 |   0.0
        D:4 |     517 |     212 |  29.1 |      16 |       3 |  15.8
        D:5 |    1063 |    1141 |  51.8 |      24 |      17 |  41.5
        D:6 |    1076 |     239 |  18.2 |      26 |       1 |   3.7
        D:7 |    1103 |       0 |   0.0 |      26 |       0 |   0.0
        D:8 |    2733 |       0 |   0.0 |      19 |       0 |   0.0
        D:9 |    2561 |       7 |   0.3 |      21 |       4 |  16.0
       D:10 |    2903 |       0 |   0.0 |      14 |       0 |   0.0
       D:11 |     966 |     766 |  44.2 |       7 |       1 |  12.5
     Bailey |       0 |     745 | 100.0 |       0 |      23 | 100.0
            +---------+---------+-------+---------+---------+-------

Skill      XL: |  1  2  3  4  5  6  7  8  9 10 11 |
---------------+----------------------------------+-----
Conjurations   | 2 3 5 6 8 |  8.5
Spellcasting   | 3 4 5 |  5.9
Fire Magic     | 4 6 7 9 12 | 12.5
Fighting       | 3 8 10 | 10.0
Staves         | 3 5 |  5.0
Dodging        | 4 5 |  5.0
Stealth        | |  2.0

Action                     |  1- 3 |  4- 6 |  7- 9 | 10-12 || total
---------------------------+-------+-------+-------+-------++-------
  Melee: Unarmed           |     4 |       |       |       ||     4
         Peck              |     2 |       |     1 |     2 ||     5
         Whip              |       |     9 |     5 |       ||    14
         Kick              |       |     3 |       |     3 ||     6
         Staff             |       |       |       |    11 ||    11
   Cast: Foxfire           |    56 |    84 |   164 |    98 ||   402
         Scorch            |     8 |    25 |    73 |    79 ||   185
         Flame Wave        |       |       |     1 |    12 ||    13
         Inner Flame       |       |       |       |     8 ||     8
         Volatile Blastmot |       |       |       |     2 ||     2
         Fireball          |       |       |       |    14 ||    14
  Evoke: Wand              |       |       |       |    12 ||    12
    Use: Scroll            |     4 |     5 |     7 |     6 ||    22
         Potion            |       |       |     1 |     4 ||     5
 Armour: Robe              |     8 |     5 |    11 |    14 ||    38
         Skin              |       |       |    51 |       ||    51
  Dodge: Dodged            |    18 |    35 |   139 |   132 ||   324
  Block: Other             |       |    15 |    29 |       ||    44

Illustrated notes

Table legend:
 A = Kills in this place as a percentage of kills in the entire game.
 B = Kills by you in this place as a percentage of kills by you in the entire game.
 C = Kills by friends in this place as a percentage of kills by friends in the entire game.
 D = Other kills in this place as a percentage of other kills in the entire game.
 E = Experience gained in this place as a percentage of experience gained in the entire game.
 F = Experience gained in this place divided by the number of levels of this place that you have seen.
                   A       B       C       D       E      F
               +-------+-------+-------+-------+-------+----------------------
         Total | 100.0 | 100.0 |   N/A |   N/A | 100.0 | 1252.5
       Dungeon |  91.8 |  91.8 |   N/A |   N/A |  95.4 | 1412.5
        Bailey |   8.2 |   8.2 |   N/A |   N/A |   4.6 | 745.0
               +-------+-------+-------+-------+-------+----------------------

Table legend: (Time is in decaauts)
 A = Elapsed time spent in this place.
 B = Non-inter-level travel time spent in this place.
 C = Inter-level travel time spent in this place.
 D = Time resting spent in this place.
 E = Time spent auto-exploring this place.
 F = Levels seen in this place.
 G = Mean time per level.
                   A        B        C        D        E       F      G
               +--------+--------+--------+--------+--------+-----+--------+
         Total |  13310 |  12930 |    380 |   1126 |   9620 |  13 | 1023.8 |
       Dungeon |  12360 |  11987 |    373 |    931 |   9141 |  11 | 1123.6 |
        Temple |     28 |     21 |      7 |      0 |      0 |   1 |   28.0 |
        Bailey |    922 |    922 |      0 |    195 |    478 |   1 |  922.0 |
               +--------+--------+--------+--------+--------+-----+--------+

Top non-repeatable levels by time:
     D:5: 2109 daAuts
     D:4: 1396 daAuts
     D:1: 1233 daAuts
     D:3: 1228 daAuts
     D:2: 1142 daAuts
     D:6: 1086 daAuts
     D:9: 1086 daAuts
     D:8: 1057 daAuts
    D:10: 1006 daAuts
  Bailey: 922 daAuts
     D:7: 870 daAuts
    D:11: 142 daAuts
  Temple: 28 daAuts
